 Dungeon Crawl Stone Soup version 0.21-a0-1-gaf3b9a5 (webtiles) character file.

334114 Gorglomux the Executioner (level 22, -7/214 (217) HPs)
             Began as a Hill Orc Monk on May 20, 2017.
             Was an Elder of the Shining One.
             Mangled by a stone giant (35 damage)
             ... created by the rage of Trog
             ... on level 4 of the Vaults.
             The game lasted 01:24:10 (43323 turns).

Gorglomux the Executioner (Hill Orc Monk)          Turns: 43323, Time: 01:24:10

HP:   -7/214 (217)  AC: 44    Str: 28    XL:     22   Next: 18%
MP:   27/29         EV: 17    Int: 11    God:    the Shining One [****..]
Gold: 3094          SH: 16    Dex: 13    Spells: 21/21 levels left

rFire    + . .     SeeInvis +   a - +9 executioner's axe (flame)
rCold    + . .     Gourm    .   (shield currently unavailable)
rNeg     + + .     Faith    .   X - +9 scales of the Dragon King {rPois rF+ rC+ MR+}
rPois    +         Spirit   .   R - +2 helmet {SInv}
rElec    .         Reflect  +   B - +1 cloak
rCorr    .         Harm     .   V - +2 pair of gloves {Str+3}
MR       ++++.                  S - +2 pair of boots {Fly}
Stlth    ..........             Y - +2 amulet of reflection
Regen    0.5/turn               y - +4 ring of evasion
MPRegen  0.3/turn               I - ring of protection from magic {MR+, !d}

@: divine shield, glowing
A: large bone plates 1, magic resistance 1, strong 1, evolution 1
}: 1/15 runes: slimy
a: Divine Shield, Cleansing Flame, Renounce Religion, Evoke Flight


You were on level 4 of the Vaults.
You worshipped the Shining One.
The Shining One was greatly pleased with you.
You were not hungry.

You visited 7 branches of the dungeon, and saw 36 of its levels.
You also visited: Bailey.

You collected 3815 gold pieces.
You spent 721 gold pieces at shops.

Inventory:

Hand Weapons
 a - a +9 executioner's axe of flaming (weapon)
   (Trog gifted it to you on level 4 of the Lair of Beasts)
 b - a +6 antimagic battleaxe
   (Trog gifted it to you on level 2 of the Pits of Slime)
Missiles
 s - 2 throwing nets {=f, !d}
Armour
 B - a +1 cloak (worn)
   (You found it on level 5 of the Pits of Slime)
 R - a +2 helmet of see invisible (worn)
   (You found it on level 3 of the Elven Halls)
 S - a +2 pair of boots of flying (worn)
   (You acquired it on level 3 of the Vaults)
 V - a +2 pair of gloves of strength (worn)
   (You found it on level 3 of the Elven Halls)
 X - the +9 scales of the Dragon King (worn) {rPois rF+ rC+ MR+}
   (You acquired it in a bailey)

   It protects you from fire.
   It protects you from cold.
   It protects you from poison.
   It affects your resistance to hostile enchantments.
Jewellery
 g - an uncursed ring of protection from cold {rC+, !d}
   (You took it off a deep elf high priest on level 3 of the Elven Halls)
 w - an uncursed ring of resist corrosion
   (You found it on level 2 of the Elven Halls)
 y - a +4 ring of evasion (left hand)
   (You took it off a deep elf death mage on level 3 of the Elven Halls)
 E - an uncursed ring of flight {+Fly, !d}
   (You found it on level 13 of the Dungeon)
 I - a ring of protection from magic (right hand) {MR+, !d}
   (You took it off a deep elf master archer on level 3 of the Elven Halls)
 Y - a +2 amulet of reflection (around neck)
   (You found it on level 1 of the Vaults)
Wands
 h - a wand of acid (13/15)
   (You found it on level 4 of the Dungeon)
 x - a wand of digging (12/24)
   (You found it on level 3 of the Vaults)
 H - a wand of acid (9/15)
   (You found it on level 12 of the Dungeon)
 K - a wand of scattershot (4/9)
   (You found it on level 6 of the Lair of Beasts)
 U - a wand of digging (4/24)
   (You found it on level 1 of the Orcish Mines)
Scrolls
 d - 12 scrolls of remove curse
 i - 7 scrolls of immolation {!r}
 k - 6 scrolls of recharging
 n - 4 scrolls of fear
 p - 13 scrolls of teleportation
 r - a scroll of summoning
 t - 4 scrolls of magic mapping {!r}
 C - a scroll of silence
 D - 3 scrolls of blinking {!r}
 F - 3 scrolls of fog
 O - a scroll of enchant weapon
 T - 6 scrolls of identify
 Z - 2 scrolls of holy word {!r}
Potions
 e - 8 potions of curing
 f - 10 potions of mutation {!q}
 m - 3 potions of lignification {!q}
 o - 2 potions of might
 u - 8 potions of haste
 A - 2 potions of agility
 G - 2 potions of resistance
 J - 4 potions of ambrosia
 N - 3 potions of heal wounds
Miscellaneous
 j - a lamp of fire
   (You found it on level 3 of the Elven Halls)
 l - a phantom mirror
 v - a sack of spiders
 L - a box of beasts
 M - a phial of floods
   (You found it on level 2 of the Lair of Beasts)
 W - a lightning rod (4/4)
   (You found it on level 3 of the Elven Halls)
Comestibles
 c - 18 bread rations {@e1@e1}
 q - 20 fruits
 z - 11 meat rations {@e2@e2}
 P - 2 royal jellies
 Q - 4 chunks of flesh {@w0@w0}


   Skills:
 + Level 22.9 Fighting
 - Level 26.2 Axes
 + Level 17.4 Armour
 + Level 14.1 Dodging
 - Level 1.5 Stealth
 + Level 10.2 Invocations


You had 21 spell levels left.
You didn't know any spells.

Dungeon Overview and Level Annotations

Branches:
Dungeon (15/15)            Temple (1/1) D:7            Lair (6/6) D:11
  Swamp (0/4) Lair:2        Snake (0/4) Lair:3        Slime (5/5) Lair:5
    Orc (2/2) D:10            Elf (3/3) Orc:2        Vaults (4/5) D:13
  Crypt (0/3) Vaults:3     Depths (0/5) D:15

Altars:
Ashenzari
Dithmenos
Elyvilon
Gozag
Kikubaaqudgha
Makhleb
Nemelex Xobeh
Okawaru
Qazlal
Ru
Sif Muna
Trog
Vehumet
Xom
Yredelemnul
Zin
The Shining One
Beogh
Jiyva

Shops:
D:12 (   Orc:2 }?*:   Elf:2 (   Vaults:3 (?=

Portals:
Hell: Lair:6

Annotations:
Lair:2 exclusion: 2 oklob plants
Slime:2 Dissolution
Elf:2 3 runed doors


Innate Abilities, Weirdness & Mutations

You are partially covered in large bone plates. (SH +4)
You are resistant to hostile enchantments. (MR+)
Your muscles are strong. (Str +2)
You evolve.


Message History

The large rock hits the stone giant!
Things that are here:
a great mace of crushing; a leather armour; 3 chunks of flesh {@w0@w0} There isn't anything to butcher here.
The stone giant barely misses you.
You slice the stone giant!! You burn the stone giant.
You slice the stone giant!! You burn the stone giant.
You block the stone giant's attack.
You open the stone giant like a pillowcase!!!
You burn the stone giant.
You kill the stone giant!
You see here 3 large rocks {!d}.
There isn't anything to butcher here.
The tentacled monstrosity closely misses you.
The tentacled monstrosity misses you.
The tentacled monstrosity tentacle-slaps you but does no damage.
The tentacled monstrosity misses you.
You slice the tentacled monstrosity!! You burn the tentacled monstrosity.
The tentacled monstrosity tentacle-slaps you!
The tentacled monstrosity tentacle-slaps you but does no damage.
The tentacled monstrosity completely misses you.
The tentacled monstrosity grabs you.
The tentacled monstrosity constricts you.
You take 8 damage, and have 68/214 hp.
You carve the tentacled monstrosity like a ham!!!
You burn the tentacled monstrosity.
The tentacled monstrosity tentacle-slaps you!
* * * LOW HITPOINT WARNING * * *
The tentacled monstrosity misses you.
The tentacled monstrosity tentacle-slaps you but does no damage.
The tentacled monstrosity constricts you.
You take 10 damage, and have 58/214 hp.
Unknown command.
You slice the tentacled monstrosity!! You burn the tentacled monstrosity.
Some of the chunks of flesh in your inventory have rotted away.
Unknown command.
You slice the tentacled monstrosity like a ripe choko!!!
You kill the tentacled monstrosity!
The Shining One accepts your kill.
You feel better.
You regained 10 hp, and now have 68/214 hp.
You start resting.
Eating one of 9 chunks of flesh {@w0@w0}.
You eat one of the 9 chunks of flesh {@w0@w0}.
Some of the chunks of flesh in your inventory have rotted away.
Trog sends monsters to punish you. 2 polar bears, 2 ogres, a troll and 2 stone giants come into view.
You regained 8 hp, and now have 78/214 hp.
Unknown command.
A divine shield forms around you!
You feel slightly more hungry.
You now have 26/29 mp.
You slash the stone giant! You burn the stone giant.
You hit the polar bear but do no damage.
You slice the ogre!! You burn the ogre. You chop the polar bear into pieces!!!
You burn the polar bear! You slice the troll!! You burn the troll.
The polar bear closely misses you. You block the polar bear's attack. x2
The ogre barely misses you.
The stone giant hits you but does no damage.
The polar bear bites you but does no damage.
You block the polar bear's attack. x2
You carve the stone giant like a ham!!! You burn the stone giant!!
You slice the stone giant!! You burn the stone giant. You slash the polar bear!
You burn the polar bear. You slash the ogre! You burn the ogre.
You kill the ogre!
That felt strangely unrewarding.
You hit the polar bear. You burn the polar bear.
The polar bear bites you but does no damage.
You block the polar bear's attack. x2; The stone giant hits you!!!
* * * LOW HITPOINT WARNING * * *
The polar bear closely misses you. x2
The polar bear claws you but does no damage.
You take 47 damage, and have 32/214 hp.
MASSIVE DAMAGE!!
You slash the stone giant! You burn the stone giant. You slash the stone giant!
You burn the stone giant.
Your scales of the Dragon King prevents you from hitting the polar bear.
You slice the polar bear!! You burn the polar bear.
You kill the polar bear!
That felt strangely unrewarding.
You slice the troll!! You burn the troll!
You kill the troll!
That felt strangely unrewarding.
The stone giant completely misses you.
The polar bear bites you but does no damage.
The polar bear claws you but does no damage.
You block the polar bear's attack. The stone giant barely misses you.
Unknown command.
You slash the stone giant! You burn the stone giant. You hit the stone giant.
You burn the stone giant.
You hit the polar bear but do no damage.
The stone giant completely misses you. You block the polar bear's attack. x2
The polar bear claws you but does no damage.
The stone giant hits you.
* * * LOW HITPOINT WARNING * * *
You take 5 damage, and have 28/214 hp.
You slice the stone giant!! You burn the stone giant.
You slash the stone giant! You burn the stone giant.
You completely miss the polar bear. The stone giant barely misses you.
You block the polar bear's attack. x2
The polar bear claws you but does no damage.
The stone giant hits you!!
You die...

#......# #......# #......#
#......# ####
##########......#
#8...##...#...#########
#....#..O#.# #...#CC.# #
##(###@## ... ##.##h}/#
.$..#..)###################
))/.#.#(()...+..##.......#.
.(.!#...######...##......'.
#...###.##$([##....##.....#.
##.# #. ##.####....##....#.
8.. .. ... ###....##..##. #.
..# .#. #.##......###.


You could see 2 stone giants, a two-headed ogre (berserk) and a polar bear
(berserk).

Vanquished Creatures
  the Royal Jelly (Slime:5)
  Bai Suzhen (Vaults:2)
  The ghost of Vajrapani the Fighter, a veteran GnSu of Okawaru (Slime:5)
  A bone dragon (Vaults:3)
  2 tentacled monstrosities (Vaults:4)
  2 deep elf blademasters (Elf:3)
  3 titans (Vaults:4)
  A quicksilver dragon (Vaults:4)
  2 deep elf master archers (Elf:3)
  19 acid blobs
  A sphinx (Vaults:3)
  3 tengu reavers
  Kirke (Lair:4)
  12 azure jellies
  Donald (Elf:1)
  2 frost giants
  3 fire giants
  2 orc warlords (Orc:1)
  5 deep elf sorcerers (Elf:3)
  14 vault wardens
  Louise (D:14)
  An iron dragon (Vaults:4)
  3 deep elf elementalists (Elf:3)
  13 ironheart preservers
  An entropy weaver (Vaults:3)
  5 deep elf demonologists (Elf:3)
  10 stone giants
  8 deep elf annihilators
  A spark wasp (shapeshifter) (Elf:1)
  2 ettins
  6 death oozes (Slime:5)
  6 yaktaur captains
  5 deep elf death magi
  5 great orbs of eyes
  4 deep elf high priests (Elf:3)
  A fire dragon (Vaults:3)
  7 ogre magi
  76 slime creatures
  21 vault guards
  A catoblepas (Lair:6)
  8 hydras
  Erica (D:11)
  An ice dragon (Vaults:2)
  3 rakshasas
  A death knight (Vaults:4)
  The ghost of kal9871 the Arsonist, a journeyman OpFE of Vehumet (Orc:2)
  2 tengu warriors
  7 centaur warriors
  40 two-headed ogres
  14 dancing weapons
  2 deep troll shamans (Vaults:4)
  A titan zombie (Vaults:4)
  The ghost of Gorice the Zephyrmancer, a journeyman TeAE of Sif Muna (Lair:1)
  8 death yaks
  A sun demon (Lair:6)
  26 deep elf knights
  2 orc high priests
  An iron troll (Vaults:3)
  Nergalle (Lair:3)
  A shadow wraith (Vaults:4)
  A flayed ghost (Vaults:2)
  7 deep trolls
  3 wizards
  22 deep elf archers
  17 ironbrand convokers
  An unseen horror (Vaults:1)
  A swamp dragon (shapeshifter) (Vaults:4)
  2 lindwurms (Lair:4)
  A harpy (shapeshifter) (Elf:1)
  2 necromancers
  24 orc knights
  3 harpies (Vaults:3)
  4 wolf spiders (Vaults:1)
  31 ugly things
  56 deep elf magi
  5 shining eyes
  6 orc sorcerers
  11 cyclopes
  2 manticores
  A salamander (shapeshifter) (D:15)
  4 centaur zombies
  2 human skeletons (Vaults:1)
  16 vault sentinels
  4 black mambas
  9 elephants
  13 spiny frogs
  An eye of devastation (Slime:5)
  A storm dragon simulacrum (Vaults:4)
  5 centaur skeletons
  A gargoyle (D:11)
  4 orange demons (Lair:6)
  A torpor snail (Lair:6)
  6 kobold demonologists
  2 ice devils (Lair:6)
  6 komodo dragons
  5 rime drakes
  A rime drake (shapeshifter) (Vaults:3)
  2 freezing wraiths
  A hellwing (Lair:6)
  24 yaktaurs
  A merfolk (D:9)
  19 trolls
  18 blink frogs
  10 polar bears
  3 hornets
  2 raiju (shapeshifter)
  2 meliai zombies
  11 hippogriffs
  7 dream sheep (Lair:4)
  A spriggan (Lair:5)
  A frost giant simulacrum (Vaults:1)
  A spriggan (shapeshifter) (Vaults:1)
  A redback (shapeshifter) (Vaults:2)
  4 water elementals
  5 air elementals
  A tarantella (shapeshifter) (Vaults:4)
  2 redbacks (Vaults:3)
  35 yaks
  3 wraiths
  A vampire (D:11)
  3 wyverns
  3 humans
  2 fire elementals (Elf:1)
  2 hogs (Lair:4)
  12 golden eyes
  A human simulacrum (Vaults:2)
  3 basilisks
  A hungry ghost (D:12)
  4 vampire mosquitoes
  3 nagas (Lair:3)
  13 wargs
  2 acid dragons
  2 soldier ants (shapeshifter)
  6 hell hounds
  A deep troll skeleton (Vaults:4)
  7 water moccasins
  14 porcupines
  A meliai simulacrum (D:15)
  3 ice beasts
  2 sky beasts
  5 eyes of draining
  5 phantoms
  A black bear (shapeshifter) (Elf:2)
  7 black bears
  84 orc warriors
  28 ogres
  2 human zombies (Vaults:1)
  15 centaurs
  25 wolves
  3 big kobolds
  23 crocodiles
  18 bullfrogs
  4 earth elementals
  A deep troll simulacrum (Vaults:4)
  6 scorpions
  11 killer bees
  6 electric eels
  2 howler monkeys (D:7)
  5 crimson imps
  2 lava snakes (D:12)
  6 hounds
  2 quasits
  3 bullfrog zombies
  7 jellies
  27 orc priests
  A bullfrog skeleton (D:6)
  Jessica (D:2)
  11 iguanas
  27 orc wizards
  8 worker ants
  7 hell rats
  A statue (D:4)
  2 hound skeletons
  A hound zombie (D:7)
  A howler monkey zombie (D:10)
  2 worker ant zombies
  A howler monkey skeleton (D:10)
  10 gnolls
  14 adders
  2 river rats (D:11)
  2 shadow imps
  6 oozes
  2 adder zombies
  4 worms
  A dart slug (D:1)
  A leopard gecko (D:5)
  136 orcs
  10 bats
  9 giant cockroaches
  27 goblins
  12 hobgoblins
  7 jackals
  14 kobolds
  9 quokkas
  2 ball pythons (D:2)
  12 frilled lizards
  8 rats
  A bush (Lair:5)
  8 fungi
  9 plants
1564 creatures vanquished.

Vanquished Creatures (collateral kills)
  An acid blob (Slime:5)
  3 azure jellies (Slime:5)
  A death ooze (Slime:5)
  An orc knight (Orc:2)
  An orc warrior (Orc:2)
7 creatures vanquished.

Vanquished Creatures (others)
  A stone giant (Vaults:3)
  A deep elf knight (Elf:2)
  A deep elf archer (Vaults:1)
  A deep elf mage (Elf:3)
  An orc warrior (Vaults:4)
  An orc (Vaults:4)
  7 fungi
  31 plants
44 creatures vanquished.

Grand Total: 1615 creatures vanquished

Notes
Turn   | Place    | Note
-------+----------+-------------------------------------------
     0 | D:1      | Gorglomux the Hill Orc Monk began the quest for the Orb.
     0 | D:1      | Reached XP level 1. HP: 19/19 MP: 1/1
    44 | D:1      | Reached XP level 2. HP: 25/27 MP: 2/2
   119 | D:1      | You fall through a shaft!
   122 | D:2      | Reached skill level 4 in Fighting
   347 | D:1      | Reached skill level 5 in Axes
   347 | D:1      | Reached XP level 3. HP: 28/33 MP: 3/3
   366 | D:1      | HP: 8/33 [poisoned by a goblin]
   372 | D:1      | HP: 5/33 [poisoned by a goblin]
   378 | D:1      | HP: 4/33 [poisoned by a goblin]
   386 | D:1      | HP: 3/33 [poisoned by a goblin]
  1035 | D:2      | Noticed Jessica
  1039 | D:2      | Killed Jessica
  1039 | D:2      | Reached skill level 6 in Axes
  1039 | D:2      | Reached XP level 4. HP: 36/41 MP: 4/4
  1130 | D:2      | Found a shattered altar of Ashenzari.
  1415 | D:2      | Reached XP level 5. HP: 41/47 MP: 5/5
  1701 | D:3      | Found a bloodstained altar of Trog.
  1739 | D:3      | Became a worshipper of Trog the Wrathful
  1739 | D:3      | Reached * piety under Trog
  1739 | D:3      | Reached ** piety under Trog
  2007 | D:3      | Found a glowing silver altar of Zin.
  2008 | D:3      | Found a sparkling altar of Nemelex Xobeh.
  2164 | D:3      | Reached skill level 5 in Fighting
  2164 | D:3      | Reached skill level 7 in Axes
  2173 | D:3      | HP: 5/48 [worm (14)]
  2221 | D:3      | HP: 9/48 [worm (6)]
  2347 | D:3      | Noticed an ogre
  2364 | D:3      | Killed an ogre
  2364 | D:3      | Reached skill level 8 in Axes
  2364 | D:3      | Reached XP level 6. HP: 51/56 MP: 6/6
  2508 | D:3      | Found a basalt altar of Yredelemnul.
  2688 | D:3      | HP: 14/56 [poisoned by an adder]
  2693 | D:3      | HP: 10/84 [poisoned by an adder]
  2699 | D:3      | HP: 4/56 [poisoned by an adder]
  2705 | D:3      | HP: 10/56 [poisoned by an adder]
  3037 | D:4      | Found a radiant altar of Vehumet.
  3453 | D:4      | HP: 13/56 [poisoned by a scorpion]
  3458 | D:4      | HP: 7/56 [poisoned by a scorpion]
  3463 | D:4      | HP: 4/56 [poisoned by a scorpion]
  3468 | D:4      | HP: 2/56 [poisoned by a scorpion]
  3473 | D:4      | HP: 2/56 [poisoned by a scorpion]
  4193 | D:4      | Reached skill level 9 in Axes
  4193 | D:4      | Reached XP level 7. HP: 62/62 MP: 7/7
  4286 | D:5      | Entered Level 5 of the Dungeon
  4286 | D:5      | Noticed a hippogriff
  4296 | D:5      | Killed a hippogriff
  4296 | D:5      | Reached skill level 6 in Fighting
  4302 | D:5      | Reached skill level 10 in Axes
  4313 | D:5      | Gorglomux: ??leech
  4313 | D:5      | beem: leech[1/2]: The +8 demon blade "Leech" {vamp, rN+ AC-3 EV-3}. Has a guaranteed on-hit vampiric effect!
  4589 | D:5      | Found a stormy altar of Qazlal.
  4591 | D:5      | Noticed an air elemental
  4591 | D:5      | Noticed a water elemental
  4591 | D:5      | Noticed a fire elemental
  4610 | D:5      | Reached XP level 8. HP: 42/71 MP: 8/8
  5072 | D:5      | Reached *** piety under Trog
  5436 | D:6      | Reached skill level 7 in Fighting
  5450 | D:6      | Reached skill level 11 in Axes
  5475 | D:6      | Got an iridescent spear
  5476 | D:6      | Identified the +5 spear of the Secret Blessings {chaos, rN+ Stlth+} (You found it on level 6 of the Dungeon)
  5979 | D:6      | Found a shadowy altar of Dithmenos.
  6075 | D:6      | Found an opulent altar of Gozag.
  6540 | D:7      | HP: 17/74 [ice beast (13)]
  6842 | D:7      | Found an iron altar of Okawaru.
  6861 | D:7      | Reached skill level 8 in Fighting
  6861 | D:7      | Reached skill level 12 in Axes
  6864 | D:7      | Reached XP level 9. HP: 39/82 MP: 9/9
  7531 | D:7      | Found a staircase to the Ecumenical Temple.
  7594 | D:7      | Reached skill level 13 in Axes
  7691 | D:7      | Found a burning altar of Makhleb.
  8092 | D:8      | Reached skill level 9 in Fighting
  8369 | D:8      | Found a shimmering altar of Xom.
  8370 | D:8      | Found a shimmering altar of Xom.
  8587 | D:8      | Noticed a two-headed ogre
  8595 | D:8      | Killed a two-headed ogre
  8595 | D:8      | Reached skill level 14 in Axes
  8595 | D:8      | Reached XP level 10. HP: 93/93 MP: 10/10
  8627 | D:8      | Reached skill level 10 in Fighting
  9210 | D:9      | Reached skill level 15 in Axes
  9497 | D:9      | You fall through a shaft for 2 floors!
  9497 | D:11     | Found a staircase to the Lair.
  9497 | D:11     | Noticed a death yak
  9497 | D:11     | Noticed a death yak
  9497 | D:11     | Noticed a death yak
  9510 | D:11     | Noticed Erica
  9516 | D:11     | Killed Erica
  9573 | D:11     | Reached **** piety under Trog
  9895 | D:11     | Reached skill level 11 in Fighting
  9895 | D:11     | Reached skill level 16 in Axes
 10391 | D:10     | Entered Level 10 of the Dungeon
 10447 | D:10     | Found a staircase to the Orcish Mines.
 10634 | D:10     | Reached XP level 11. HP: 102/102 MP: 11/11
 11090 | D:9      | Reached skill level 17 in Axes
 11163 | D:9      | Found a white marble altar of Elyvilon.
 11411 | D:11     | Noticed a two-headed ogre
 11421 | D:11     | HP: 35/154 [two-headed ogre/giant club (17)]
 11424 | D:11     | Killed a two-headed ogre
 11613 | D:11     | Noticed a white ugly thing
 11618 | D:11     | HP: 35/156 [white ugly thing (31)]
 11629 | D:11     | Killed a white ugly thing
 12001 | D:11     | Reached skill level 12 in Fighting
 12229 | D:11     | Killed a death yak
 12238 | D:11     | Killed a death yak
 12238 | D:11     | Reached skill level 18 in Axes
 12245 | D:11     | Killed a death yak
 12392 | D:11     | Noticed a seven-headed hydra
 12405 | D:11     | Killed a two-headed hydra
 12405 | D:11     | Reached ***** piety under Trog
 12439 | D:11     | Noticed a manticore
 12444 | D:11     | HP: 25/105 [manticore (9)]
 12449 | D:11     | Killed a manticore
 12822 | D:11     | Noticed a four-headed hydra
 12835 | D:11     | Killed a one-headed hydra
 12835 | D:11     | Reached skill level 19 in Axes
 12835 | D:11     | Reached XP level 12. HP: 113/113 MP: 12/12
 12930 | D:11     | Reached skill level 13 in Fighting
 13189 | Lair:1   | Entered Level 1 of the Lair of Beasts
 13338 | Lair:1   | Noticed Gorice's ghost (journeyman TeAE)
 13354 | Lair:1   | Killed Gorice's ghost
 13764 | Lair:1   | Received a gift from Trog
 13816 | Lair:1   | Noticed a death yak
 13818 | Lair:1   | Noticed a death yak
 13819 | Lair:1   | Noticed a death yak
 13821 | Lair:1   | Noticed a death yak
 13828 | Lair:1   | Killed a death yak
 13834 | Lair:1   | Killed a death yak
 13837 | Lair:1   | Killed a death yak
 13839 | Lair:1   | Reached skill level 20 in Axes
 13840 | Lair:1   | HP: 42/172 [death yak (15)]
 13843 | Lair:1   | Killed a death yak
 14390 | Lair:1   | Noticed a five-headed hydra
 14397 | Lair:1   | Killed a three-headed hydra
 14761 | Lair:2   | Reached skill level 14 in Fighting
 14889 | Lair:2   | Found a staircase to the Swamp.
 15028 | Lair:2   | Reached XP level 13. HP: 108/124 MP: 4/13
 15136 | Lair:2   | Found a glowing silver altar of Zin.
 15183 | Lair:2   | Reached skill level 21 in Axes
 15840 | Lair:3   | Noticed Nergalle
 15969 | Lair:3   | Killed Nergalle
 16176 | Lair:3   | Reached skill level 15 in Fighting
 16287 | Lair:3   | Found a staircase to the Snake Pit.
 16328 | Lair:3   | Reached skill level 22 in Axes
 17604 | Lair:4   | Noticed Kirke
 17671 | Lair:4   | Killed Kirke
 17866 | Lair:4   | HP: 29/127 [two-headed hydra (8)]
 18603 | Lair:4   | Reached XP level 14. HP: 95/136 MP: 4/14
 18642 | Lair:4   | Received a gift from Trog
 19678 | Lair:5   | Reached skill level 1 in Armour
 19679 | Lair:5   | Reached skill level 23 in Axes
 19729 | Lair:5   | Found a staircase to the Slime Pits.
 20001 | Lair:5   | Reached skill level 2 in Armour
 20001 | Lair:5   | Reached skill level 3 in Dodging
 20201 | Lair:6   | Entered Level 6 of the Lair of Beasts
 20260 | Lair:6   | Reached skill level 16 in Fighting
 20593 | Lair:6   | Reached skill level 3 in Armour
 20649 | Slime:1  | Entered Level 1 of the Pits of Slime
 20897 | Lair:6   | Reached skill level 4 in Dodging
 20964 | Lair:6   | Found a burning altar of Makhleb.
 20980 | Lair:6   | Reached skill level 4 in Armour
 20983 | Lair:6   | Received a gift from Trog
 20995 | Lair:6   | Found a gateway to Hell.
 22076 | D:12     | Found a flagged portal.
 22092 | Bailey   | Entered a bailey
 22143 | Bailey   | Found an iron altar of Okawaru.
 22549 | Bailey   | Reached XP level 15. HP: 128/145 MP: 15/15
 22588 | Bailey   | Reached skill level 5 in Armour
 22974 | D:12     | Got an ancient crystal plate armour
 22985 | D:12     | Identified the +3 crystal plate armour of Midollet {*Corrode rC+ Regen+} (You acquired it on level 12 of the Dungeon)
 23012 | D:12     | Received a gift from Trog
 23229 | D:12     | Reached skill level 5 in Dodging
 23282 | D:12     | Found Badan's Weapon Shop.
 23579 | D:12     | Reached skill level 24 in Axes
 23900 | D:13     | Found a roughly hewn altar of Beogh.
 24235 | D:13     | Received a gift from Trog
 24517 | D:13     | Reached skill level 6 in Armour
 24518 | D:13     | Reached ****** piety under Trog
 24584 | D:13     | Found a gate to the Vaults.
 24870 | D:14     | Reached skill level 17 in Fighting
 25149 | D:14     | Noticed Louise
 25158 | D:14     | Killed Louise
 25262 | D:14     | Found a shimmering altar of Xom.
 25298 | D:14     | Received a gift from Trog
 25313 | D:14     | Reached skill level 7 in Armour
 25313 | D:14     | Reached skill level 6 in Dodging
 25479 | D:15     | Entered Level 15 of the Dungeon
 26016 | D:15     | Found a staircase to the Depths.
 26272 | Orc:1    | Entered Level 1 of the Orcish Mines
 26702 | Orc:1    | Reached XP level 16. HP: 142/155 MP: 16/16
 27200 | Orc:1    | Found a roughly hewn altar of Beogh.
 27303 | Orc:1    | Reached skill level 8 in Armour
 27438 | Orc:1    | Reached skill level 25 in Axes
 27651 | Orc:2    | Entered Level 2 of the Orcish Mines
 27750 | Orc:2    | Found a staircase to the Elven Halls.
 27762 | Orc:2    | Noticed kal9871's ghost (journeyman OpFE)
 27768 | Orc:2    | Killed kal9871's ghost
 27768 | Orc:2    | Received a gift from Trog
 27824 | Orc:2    | Found Qurouleg's Assorted Antiques.
 27824 | Orc:2    | Found Gedah's Book Shop.
 27853 | Orc:2    | Bought a potion of mutation for 224 gold pieces
 27853 | Orc:2    | Bought an inky potion for 25 gold pieces
 27933 | Orc:2    | Found a roughly hewn altar of Beogh.
 28187 | Orc:2    | Found Wuuxt's Gadget Emporium.
 28196 | Orc:2    | Reached skill level 7 in Dodging
 28213 | Orc:2    | Found Xiliteth's Magic Scroll Shop.
 28235 | Orc:2    | Bought a scroll of enchant armour for 120 gold pieces
 28235 | Orc:2    | Bought a scroll of enchant weapon for 120 gold pieces
 28235 | Orc:2    | Bought a scroll of enchant armour for 120 gold pieces
 28235 | Orc:2    | Bought a scroll of fear for 56 gold pieces
 28235 | Orc:2    | Bought a scroll of immolation for 56 gold pieces
 28523 | Orc:2    | Received a gift from Trog
 28786 | Elf:1    | Entered Level 1 of the Elven Halls
 29339 | Elf:1    | Reached skill level 9 in Armour
 29608 | Elf:1    | Received a gift from Trog
 29614 | Elf:1    | Got an encrusted battleaxe {god gift}
 29615 | Elf:1    | Identified the +3 battleaxe of the Pure Orbs {flame, *Rage rC+ MR++ Dex+3} (Trog gifted it to you on level 1 of the Elven Halls)
 29627 | Elf:1    | Found a radiant altar of Vehumet.
 29740 | Elf:1    | Noticed Donald
 29756 | Elf:1    | Killed Donald
 29819 | Elf:1    | Reached skill level 18 in Fighting
 30104 | Elf:2    | Reached XP level 17. HP: 125/163 MP: 17/17
 30275 | Elf:2    | Reached skill level 8 in Dodging
 30312 | Elf:2    | Found a runed gate.
 30312 | Elf:2    | Found a runed gate.
 30317 | Elf:2    | Found a runed gate.
 30365 | Elf:2    | Reached skill level 26 in Axes
 30367 | Elf:2    | Found a radiant altar of Vehumet.
 30475 | Elf:2    | Found Zujozxov's Antique Weapon Shoppe.
 30555 | Elf:2    | Received a gift from Trog
 30562 | Elf:2    | Identified the +5 battleaxe of Dogma {chop, +Inv rC+ Str+3} (Trog gifted it to you on level 2 of the Elven Halls)
 30956 | Elf:2    | Reached skill level 10 in Armour
 31342 | Elf:3    | Entered Level 3 of the Elven Halls
 32288 | Elf:3    | Reached skill level 9 in Dodging
 32309 | Elf:3    | Noticed a Tzitzimitl
 32697 | Elf:3    | Reached skill level 11 in Armour
 32701 | Elf:3    | Received a gift from Trog
 32771 | Elf:3    | Noticed a deep elf blademaster
 32793 | Elf:3    | Killed a deep elf blademaster
 32986 | Elf:3    | Noticed a deep elf blademaster
 33002 | Elf:3    | Reached skill level 19 in Fighting
 33007 | Elf:3    | Killed a deep elf blademaster
 33007 | Elf:3    | Reached XP level 18. HP: 176/176 MP: 6/18
 33049 | Elf:3    | Noticed a deep elf master archer
 33305 | Elf:3    | Killed a deep elf master archer
 33331 | Elf:3    | Noticed a deep elf master archer
 33339 | Elf:3    | Killed a deep elf master archer
 33339 | Elf:3    | Reached skill level 12 in Armour
 33341 | Elf:3    | Reached skill level 10 in Dodging
 33611 | Elf:3    | Got a shimmering iron ring
 33613 | Elf:3    | Identified the ring "Irecw" {*Tele rF+ MR+ Str+2} (You took it off a deep elf demonologist on level 3 of the Elven Halls)
 34594 | Slime:2  | Received a gift from Trog
 34858 | Slime:2  | Noticed Dissolution
 34860 | Slime:2  | Paralysed by a floating eye for 3 turns
 34869 | Slime:2  | Paralysed by a floating eye for 4 turns
 34873 | Slime:2  | HP: 37/177 [acid (11)]
 34884 | Slime:2  | HP: 47/267 [azure jelly (6)]
 35173 | Slime:3  | Gained mutation: You are weak. (Str -2) [a shining eye]
 35179 | Slime:3  | Gained mutation: You are dopey. (Int -2) [a shining eye]
 35202 | Slime:4  | Gained mutation: You are occasionally teleported next to monsters. [a shining eye]
 35209 | Slime:4  | Lost mutation: You are weak. (Str -2) [potion of mutation]
 35209 | Slime:4  | Lost mutation: You are dopey. (Int -2) [potion of mutation]
 35209 | Slime:4  | Gained mutation: You are agile. (Dex +2) [potion of mutation]
 35209 | Slime:4  | Gained mutation: You possess an exceptional clarity of mind. [potion of mutation]
 35210 | Slime:4  | Lost mutation: You are agile. (Dex +2) [potion of mutation]
 35210 | Slime:4  | Lost mutation: You are occasionally teleported next to monsters. [potion of mutation]
 35210 | Slime:4  | Gained mutation: You are partially covered in large bone plates. (SH +4) [potion of mutation]
 35210 | Slime:4  | Gained mutation: Your muscles are strong. (Str +2) [potion of mutation]
 35210 | Slime:4  | Gained mutation: You evolve. [potion of mutation]
 35325 | Slime:3  | Reached skill level 20 in Fighting
 35336 | Slime:4  | Reached skill level 13 in Armour
 35379 | Slime:5  | Entered Level 5 of the Pits of Slime
 35418 | Slime:5  | Noticed the Royal Jelly
 35420 | Slime:5  | Reached XP level 19. HP: 181/185 MP: 15/19
 35427 | Slime:5  | Noticed Vajrapani's ghost (veteran GnSu)
 35436 | Slime:5  | Reached skill level 11 in Dodging
 35469 | Slime:5  | Paralysed by fainting for 11 turns
 35629 | Slime:5  | Received a gift from Trog
 35656 | Slime:5  | Killed Vajrapani's ghost
 35788 | Slime:5  | Found a viscous altar of Jiyva.
 35852 | Slime:5  | Lost mutation: You possess an exceptional clarity of mind. [a shining eye]
 35915 | Slime:5  | Killed the Royal Jelly
 35915 | Slime:5  | Reached skill level 14 in Armour
 35919 | Slime:5  | HP: 30/186 [acid blob[the Royal Jelly] (21)]
 35932 | Slime:5  | Identified the Reference Book on Cold
 35947 | Slime:5  | Got a slimy rune of Zot
 36626 | Vaults:1 | Entered Level 1 of the Vaults
 36930 | Vaults:1 | Reached skill level 21 in Fighting
 37055 | Vaults:1 | Reached skill level 12 in Dodging
 37067 | Vaults:1 | Received a gift from Trog
 37256 | Vaults:1 | Gained mutation: You are resistant to hostile enchantments. (MR+) [evolution]
 37475 | Vaults:1 | Reached XP level 20. HP: 146/198 MP: 20/20
 37722 | Vaults:1 | Reached skill level 15 in Armour
 38187 | Temple   | Entered the Ecumenical Temple
 38194 | Temple   | Fell from the grace of Trog
 38194 | Temple   | Became a worshipper of the Shining One
 39567 | Vaults:2 | Reached skill level 1 in Invocations
 39614 | Vaults:2 | Reached * piety under the Shining One
 39627 | Vaults:2 | Reached skill level 2 in Invocations
 39669 | Vaults:2 | Reached skill level 3 in Invocations
 39673 | Vaults:2 | Reached skill level 13 in Dodging
 39675 | Vaults:2 | Noticed Bai Suzhen
 39684 | Vaults:2 | Killed Bai Suzhen
 39684 | Vaults:2 | Reached skill level 22 in Fighting
 39684 | Vaults:2 | Reached skill level 16 in Armour
 39684 | Vaults:2 | Reached skill level 4 in Invocations
 40071 | Vaults:2 | Reached skill level 5 in Invocations
 40279 | Vaults:2 | Reached XP level 21. HP: 207/207 MP: 24/24
 40384 | Vaults:3 | Found Woklaroe's Magic Scroll Shoppe.
 40548 | Vaults:3 | Found Oxuytaqu's Jewellery Shop.
 40624 | Vaults:3 | Noticed a bone dragon
 40624 | Vaults:3 | Reached ** piety under the Shining One
 40638 | Vaults:3 | Killed a bone dragon
 40639 | Vaults:3 | Found a staircase to the Crypt.
 41398 | Vaults:3 | Reached skill level 6 in Invocations
 41634 | Vaults:3 | Found Jasashri's Antique Weapon Boutique.
 41861 | Vaults:3 | Reached skill level 7 in Invocations
 42215 | Vaults:4 | Reached *** piety under the Shining One
 42467 | Vaults:4 | Reached skill level 8 in Invocations
 42974 | Vaults:4 | Reached **** piety under the Shining One
 42992 | Vaults:4 | Reached skill level 17 in Armour
 43026 | Vaults:4 | Reached skill level 9 in Invocations
 43179 | Vaults:4 | Reached skill level 14 in Dodging
 43253 | Vaults:4 | Reached XP level 22. HP: 178/214 MP: 29/29
 43273 | Vaults:4 | Reached skill level 10 in Invocations
 43320 | Vaults:4 | HP: 32/214 [stone giant[the rage of Trog] (47)]
 43323 | Vaults:4 | Mangled by a stone giant

Vault maps used:
D:1:      minmay_arrival_four_circles
D:2:      nicolae_overflow_crystal_walls, uniq_jessica
D:3:      lemuel_round_altar, lemuel_crystal_altar,
          gammafunk_temple_overflow_statue, first_bread, minivault_23,
          minmay_ogre_servants
D:4:      vehumet_statue
D:5:      nicolae_qazlal_style_of_elements, serial_co_window_serial,
          co_window_cross_1, co_window_paths_b, co_window_corner_a,
          co_window_paths_b, co_window_corner_a, co_window_corner_a,
          co_window_paths_b, co_window_paths_c, co_window_of_opportunity_c,
          co_window_corner_b, co_window_broadway_a, co_window_corner_cb,
          glass_columns_a, glass_columns_a, glass_columns_a, glass_columns_a
D:6:      marbit_many_paths, kennysheep_mini, serial_bayou,
          serial_bayou_lagoon_b, serial_bayou_shore_b, serial_bayou_ford_a
D:7:      okawaru_humans, lemuel_doored_altar,
          minmay_temple_entry_enclosed_plants
D:8:      xom_redecorated
D:9:      elyvilon_altar_1, hangedman_fish_farm,
          hangedman_abyss_or_decor_jellyfish_corner
D:10:     orc_0_dummy, minmay_lizard_king
D:11:     dpeg_lair_monsters, uniq_erica
D:12:     serial_shops, kennysheep_mini_moat, enter_bailey_2,
          kennysheep_cross_bottleneck
D:13:     grunt_vaults_entry_fortified, david_defended_altar_orc
D:14:     basic_altar, grunt_decor_one_mirror, minmay_misc_feat_more_columns,
          uniq_louise
D:15:     hangedman_depths_entry_civil_slaughter, nicolae_wwwww
Temple:   compressed_dpeg_triangle_lava_temple
Lair:2:   swamp_mist_pool, basic_altar, enter_volcano_3, beast_lair_carwin_8,
          minmay_lair_oklob_chamber
Lair:3:   guppyfry_snake_entry_island, uniq_nergalle
Lair:4:   cheibrodos_lair_overgrown_chateau, minmay_stone_trees_small,
          uniq_kirke
Lair:5:   nicolae_slime_entry_slimehenge, grunt_forest_large_clearing_hut,
          grunt_megastairs_4
Lair:6:   evil_forest, serial_bayou_shore_b, infiniplex_staircase_pool
Slime:2:  uniq_dissolution
Orc:1:    orc_temple, nicolae_orc_sculptors_studio
Orc:2:    st_orc_town
Elf:1:    eino_elf_arrival_shootout, basic_altar, minivault_28, uniq_donald
Elf:2:    serial_shops, nicolae_shop_competitors_out_of_business, basic_altar
Elf:3:    minmay_elf_hall_curves
Vaults:1: kb_rosetta, hangedman_vaults_corner,
          vaults_standard_mumra_enter_the_diamond,
          vaults_room_grunt_arrival_ludios, v_alt_pattern_4
Vaults:2: hangedman_vaults_trim, hangedman_vaults_snaps, vaults_dpeg_ring,
          ontoclasm_vaults_gateway, ontoclasm_vaults_bender,
          nicolae_vaults_rhombus_7, v_alt_pattern_6, ontoclasm_vaults_chip,
          nicolae_vaults_meeting, vaults_room_fours, v_rooms_2,
          ontoclasm_vaults_ring_small, grunt_vaults_hallway_long,
          ontoclasm_vaults_twist, vaults_dpeg_encased_lava, uniq_bai_suzhen
Vaults:3: hangedman_vaults_nails, vaults_room_octagon, grunt_vaults_diagonal,
          vaults_dpeg_spiral, nicolae_vaults_windows_and_doors_thing,
          nicolae_vaults_little_ls, v_misc_9, hangedman_vaults_stitches,
          nicolae_vaults_little_squares_1, ontoclasm_vaults_eye, v_pattern_4,
          ontoclasm_vaults_loading_screen, grunt_vaults_hallway_short,
          minmay_crypt_entry_nasty_monster, serial_shops, shop,
          nicolae_shop_crystal, shop
Vaults:4: ontoclasm_vaults_spin, vaults_standard_mumra_lines,
          minmay_guarded_unrand_guard_vaults, vaults_mumra_minichess_inversion,
          vaults_room_pools, vaults_standard_mumra_enter_the_diamond,
          hangedman_vaults_unwind, vaults_room_fours,
          nicolae_vaults_little_squares_6, nicolae_vaults_gold_heap,
          ontoclasm_vaults_claustrophobia, vaults_room_ringed_pool
Bailey:   bailey_axe_of_yendor_kennysheep, bailey

Skill      XL: |  1  2  3  4  5  6  7  8  9 10 11 12 13 14 15 16 17 18 19 20 21 22 |
---------------+-------------------------------------------------------------------+-----
Fighting       | 4 5 6 8 9 11 12 14 15 16 17 18 19 20 21 22 | 22.9
Axes           | 5 6 8 9 10 12 14 16 19 20 22 23 24 25 26 | 26.2
Armour         | 4 7 9 11 13 14 16 17 | 17.4
Dodging        | 4 6 7 9 10 12 13 14 | 14.1
Invocations    | 5 9 10 | 10.2
Stealth        | |  1.5

Action                   |  1- 3 |  4- 6 |  7- 9 | 10-12 | 13-15 | 16-18 | 19-21 | 22-24 || total
-------------------------+-------+-------+-------+-------+-------+-------+-------+-------++-------
Melee: Hand axe          |    88 |   238 |   241 |    45 |    46 |       |       |       ||   658
       Spear             |       |       |     9 |       |       |       |       |       ||     9
       War axe           |       |       |    20 |   371 |       |       |       |       ||   391
       Battleaxe         |       |       |       |   111 |   304 |   903 |   458 |       ||  1776
       Unarmed           |       |       |       |       |    15 |       |       |       ||    15
       Executioner's axe |       |       |       |       |   703 |   267 |   579 |    35 ||  1584
Invok: Berserk           |       |     8 |     5 |    17 |    16 |    17 |     4 |       ||    67
       Trog's Hand       |       |     1 |       |     1 |     8 |    15 |     3 |       ||    28
       Burn Spellbooks   |       |       |     1 |     3 |     3 |     1 |     1 |       ||     9
       Brothers in Arms  |       |       |       |       |       |     1 |     3 |       ||     4
       Divine Shield     |       |       |       |       |       |       |       |     1 ||     1
 Abil: Evoke Flight      |       |       |       |       |     1 |       |       |       ||     1
       Stop Flying       |       |       |       |       |       |       |     1 |       ||     1
Evoke: Wand              |       |       |     4 |       |     4 |       |       |       ||     8
  Use: Scroll            |       |     5 |     4 |     8 |    28 |    18 |     8 |       ||    71
       Potion            |       |       |       |     3 |       |     9 |     6 |       ||    18
 Stab: Sleeping          |     5 |       |     2 |       |       |       |       |       ||     7
  Eat: Chunk             |       |    13 |    12 |    30 |    80 |    42 |    13 |     1 ||   191
       Fruit             |       |     4 |       |       |       |     6 |       |       ||    10
       Royal jelly       |       |       |     1 |     2 |       |     6 |     2 |       ||    11
       Meat ration       |       |       |     1 |     1 |       |       |     3 |       ||     5
Armor: Robe              |    20 |    35 |    27 |       |       |       |       |       ||    82
       Ring mail         |       |       |     4 |   145 |   297 |       |       |       ||   446
       Skin              |       |       |       |    20 |       |       |       |       ||    20
       Chain mail        |       |       |       |       |    17 |       |       |       ||    17
       Gold dragon scale |       |       |       |       |   342 |   818 |   502 |    22 ||  1684
Dodge: Dodged            |    69 |   152 |   109 |   273 |   485 |   333 |   508 |    18 ||  1947
Block: Other             |       |       |       |       |    54 |    55 |   237 |    14 ||   360
       Reflection        |       |       |       |       |     6 |     4 |    29 |     1 ||    40

Vault maps used:
D:1:      minmay_arrival_four_circles
D:2:      nicolae_overflow_crystal_walls, uniq_jessica
D:3:      lemuel_round_altar, lemuel_crystal_altar,
          gammafunk_temple_overflow_statue, first_bread, minivault_23,
          minmay_ogre_servants
D:4:      vehumet_statue
D:5:      nicolae_qazlal_style_of_elements, serial_co_window_serial,
          co_window_cross_1, co_window_paths_b, co_window_corner_a,
          co_window_paths_b, co_window_corner_a, co_window_corner_a,
          co_window_paths_b, co_window_paths_c, co_window_of_opportunity_c,
          co_window_corner_b, co_window_broadway_a, co_window_corner_cb,
          glass_columns_a, glass_columns_a, glass_columns_a, glass_columns_a
D:6:      marbit_many_paths, kennysheep_mini, serial_bayou,
          serial_bayou_lagoon_b, serial_bayou_shore_b, serial_bayou_ford_a
D:7:      okawaru_humans, lemuel_doored_altar,
          minmay_temple_entry_enclosed_plants
D:8:      xom_redecorated
D:9:      elyvilon_altar_1, hangedman_fish_farm,
          hangedman_abyss_or_decor_jellyfish_corner
D:10:     orc_0_dummy, minmay_lizard_king
D:11:     dpeg_lair_monsters, uniq_erica
D:12:     serial_shops, kennysheep_mini_moat, enter_bailey_2,
          kennysheep_cross_bottleneck
D:13:     grunt_vaults_entry_fortified, david_defended_altar_orc
D:14:     basic_altar, grunt_decor_one_mirror, minmay_misc_feat_more_columns,
          uniq_louise
D:15:     hangedman_depths_entry_civil_slaughter, nicolae_wwwww
Temple:   compressed_dpeg_triangle_lava_temple
Lair:2:   swamp_mist_pool, basic_altar, enter_volcano_3, beast_lair_carwin_8,
          minmay_lair_oklob_chamber
Lair:3:   guppyfry_snake_entry_island, uniq_nergalle
Lair:4:   cheibrodos_lair_overgrown_chateau, minmay_stone_trees_small,
          uniq_kirke
Lair:5:   nicolae_slime_entry_slimehenge, grunt_forest_large_clearing_hut,
          grunt_megastairs_4
Lair:6:   evil_forest, serial_bayou_shore_b, infiniplex_staircase_pool
Slime:2:  uniq_dissolution
Orc:1:    orc_temple, nicolae_orc_sculptors_studio
Orc:2:    st_orc_town
Elf:1:    eino_elf_arrival_shootout, basic_altar, minivault_28, uniq_donald
Elf:2:    serial_shops, nicolae_shop_competitors_out_of_business, basic_altar
Elf:3:    minmay_elf_hall_curves
Vaults:1: kb_rosetta, hangedman_vaults_corner,
          vaults_standard_mumra_enter_the_diamond,
          vaults_room_grunt_arrival_ludios, v_alt_pattern_4
Vaults:2: hangedman_vaults_trim, hangedman_vaults_snaps, vaults_dpeg_ring,
          ontoclasm_vaults_gateway, ontoclasm_vaults_bender,
          nicolae_vaults_rhombus_7, v_alt_pattern_6, ontoclasm_vaults_chip,
          nicolae_vaults_meeting, vaults_room_fours, v_rooms_2,
          ontoclasm_vaults_ring_small, grunt_vaults_hallway_long,
          ontoclasm_vaults_twist, vaults_dpeg_encased_lava, uniq_bai_suzhen
Vaults:3: hangedman_vaults_nails, vaults_room_octagon, grunt_vaults_diagonal,
          vaults_dpeg_spiral, nicolae_vaults_windows_and_doors_thing,
          nicolae_vaults_little_ls, v_misc_9, hangedman_vaults_stitches,
          nicolae_vaults_little_squares_1, ontoclasm_vaults_eye, v_pattern_4,
          ontoclasm_vaults_loading_screen, grunt_vaults_hallway_short,
          minmay_crypt_entry_nasty_monster, serial_shops, shop,
          nicolae_shop_crystal, shop
Vaults:4: ontoclasm_vaults_spin, vaults_standard_mumra_lines,
          minmay_guarded_unrand_guard_vaults, vaults_mumra_minichess_inversion,
          vaults_room_pools, vaults_standard_mumra_enter_the_diamond,
          hangedman_vaults_unwind, vaults_room_fours,
          nicolae_vaults_little_squares_6, nicolae_vaults_gold_heap,
          ontoclasm_vaults_claustrophobia, vaults_room_ringed_pool
Bailey:   bailey_axe_of_yendor_kennysheep, bailey

Table legend:
 A = Turns spent in this place as a percentage of turns spent in the entire game.
 B = Non-inter-level travel turns spent in this place as a percentage of non-inter-level travel turns spent in the entire game.
 C = Inter-level travel turns spent in this place as a percentage of turns spent in this place.
 D = Turns resting spent in this place as a percentage of non-inter-level travel turns spent in this place.
 E = Turns spent auto-exploring this place as a percentage of non-inter-level travel turns spent in this place.
 F = Non-inter-level travel turns spent in this place divided by the number of levels of this place that you've seen.
                   A       B       C       D       E      F
               +-------+-------+-------+-------+-------+----------------------
         Total | 100.0 | 100.0 |   0.4 |   3.0 |   6.4 | 445.8
       Dungeon |  35.3 |  35.2 |   0.5 |   3.5 |   7.5 | 387.3
        Temple |   0.1 |   0.1 |   9.1 |   0.0 |   0.0 |  10.0
          Lair |  17.0 |  17.0 |   0.3 |   3.5 |   5.8 | 467.7
    Slime Pits |   6.6 |   6.6 |   0.3 |   4.0 |   0.8 | 217.6
  Orcish Mines |   8.1 |   8.1 |   0.4 |   2.8 |   7.2 | 666.5
   Elven Halls |  15.8 |  15.8 |   0.3 |   3.3 |   3.8 | 869.3
        Vaults |  15.0 |  15.0 |   0.3 |   1.3 |   9.5 | 618.8
        Bailey |   2.2 |   2.2 |   0.0 |   1.4 |   3.8 | 365.0
               +-------+-------+-------+-------+-------+----------------------

Table legend:
 A = Kills in this place as a percentage of kills in entire the game.
 B = Kills by you in this place as a percentage of kills by you in the entire game.
 C = Kills by friends in this place as a percentage of kills by friends in the entire game.
 D = Other kills in this place as a percentage of other kills in the entire game.
 E = Experience gained in this place as a percentage of experience gained in the entire game.
 F = Experience gained in this place divided by the number of levels of this place that you have seen.
                   A       B       C       D       E      F
               +-------+-------+-------+-------+-------+----------------------
         Total | 100.0 | 100.0 | 100.0 | 100.0 | 100.0 | 16629.4
       Dungeon |  27.2 |  27.4 |   0.0 |   0.0 |   9.3 | 3813.9
          Lair |  16.2 |  16.3 |   0.0 |   0.0 |  10.6 | 10865.8
    Slime Pits |   7.2 |   7.1 |  33.3 |   0.0 |  13.8 | 16946.0
  Orcish Mines |  12.7 |  12.6 |  66.7 |   0.0 |   5.0 | 15460.0
   Elven Halls |  10.4 |  10.4 |   0.0 |  50.0 |  19.5 | 40004.3
        Vaults |  23.4 |  23.3 |   0.0 |  50.0 |  41.3 | 63565.5
        Bailey |   2.9 |   2.9 |   0.0 |   0.0 |   0.5 | 2959.0
               +-------+-------+-------+-------+-------+----------------------
